 Dungeon Crawl Stone Soup version 0.27-a0-1196-g3e9cee4cb2 (webtiles) character file.

Game seed: 2238958829880105549

513 Morbidden the Conjurer (level 7, 56/56 HPs)
             Began as a Purple Draconian Conjurer on May 29, 2021.
             Was an Initiate of Vehumet.
             Quit the game on level 4 of the Dungeon.
             The game lasted 00:05:51 (5569 turns).

Morbidden the Conjurer (Purple Draconian Conjurer)  Turns: 5569, Time: 00:05:51

Health: 56/56      AC:  7    Str:  9    XL:     7   Next: 0%
Magic:  4/14       EV: 12    Int: 21    God:    Vehumet [......]
Gold:   206        SH:  0    Dex:  9    Spells: 9/16 levels left

rFire    + . .     SeeInvis .     - Unarmed
rCold    . . .     Faith    .   (no shield)
rNeg     . . .     Spirit   .   (armour unavailable)
rPois    .         Reflect  .   (helmet restricted)
rElec    .         Harm     .   b - +0 cloak
rCorr    .         Rampage  .   (no gloves)
Will     +....                  (no boots)
Stlth    ++........             (no amulet)
HPRegen  0.18/turn              c - ring of protection from fire
MPRegen  0.14/turn              (no ring)

@: no status effects
A: breathe power, AC +6, unfitting armour, cold-blooded
a: Breathe Dispelling Energy, Renounce Religion


You were on level 4 of the Dungeon.
You worshipped Vehumet.
Vehumet was noncommittal.
You visited 2 branches of the dungeon, and saw 5 of its levels.

You collected 206 gold pieces.

Inventory:

Armour
 b - a +0 cloak (worn)
Jewellery
 c - a ring of protection from fire (left hand)
 r - a ring of protection from fire
 s - an amulet of the acrobat
Wands
 o - a wand of digging (7)
Scrolls
 a - a scroll of immolation {unknown}
 e - a scroll of fear {unknown}
 g - a scroll of identify
 h - a scroll of teleportation {unknown}
 k - a scroll of silence {unknown}
 l - a scroll of enchant weapon {unknown}
 m - a scroll of vulnerability {unknown}
 n - a scroll of fog {unknown}
 p - a scroll of blinking {unknown}
 q - a scroll of summoning {unknown}
Potions
 d - 2 potions of curing
 f - a potion of might {unknown}
 i - 2 potions of attraction {unknown}
 j - 2 potions of lignification


   Skills:
 * Level 2.3 Fighting
 * Level 2.6 Dodging
 + Level 2.2 Stealth
 + Level 1.0 Unarmed Combat
 * Level 5.1 Spellcasting
 * Level 5.8 Conjurations
 * Level 1.4 Translocations


You had 9 spell levels left.
You knew the following spells:

 Your Spells              Type           Power      Damage    Failure   Level
a - Magic Dart            Conj           100%       1d8       1%          1
b - Searing Ray           Conj           58%        3d5       1%          2
c - Iskenderun's Mystic   Conj/Tloc      20%        2d6       24%         4

Your spell library contained the following spells:

 Spells                   Type           Power      Damage    Failure   Level
 Dazzling Flash           Conj/Hex       34%        N/A       10%         3
 Fulminant Prism          Conj/Hex       8%         3d7       32%         4


Dungeon Overview and Level Annotations

Branches:
Dungeon (4/15)             Temple (1/1) D:4

Altars:
Cheibriados
Elyvilon
Fedhas
Gozag
Hepliaklqana
Kikubaaqudgha
Makhleb
Okawaru
Ru
Sif Muna
Trog
Uskayaw
Vehumet
Wu Jian
Yredelemnul
Zin


Innate Abilities, Weirdness & Mutations

You can breathe bolts of dispelling energy.
Your rich purple scales are hard. (AC +6)
You cannot fit into any form of body armour.
You are cold-blooded and may be slowed by cold attacks.


Message History

Confirm with . or Enter, or press ? or * to list all spells.
Aiming: Magic Dart (safe; 1% risk of failure)
Press: ? - help, Shift-Dir - straight line, f/p - worm
Aim: a worm (moderately wounded, 100% to hit)
The magic dart hits the worm!
The worm is severely wounded.
Unknown command.
Casting: Magic Dart (safe; 1% risk of failure)
Confirm with . or Enter, or press ? or * to list all spells.
Aiming: Magic Dart (safe; 1% risk of failure)
Press: ? - help, Shift-Dir - straight line, f/p - worm
Aim: a worm (heavily wounded, 100% to hit)
The magic dart hits the worm.
The worm is almost dead.
Unknown command.
A worm is nearby!
Casting: Magic Dart (safe; 1% risk of failure)
Confirm with . or Enter, or press ? or * to list all spells.
Aiming: Magic Dart (safe; 1% risk of failure)
Press: ? - help, Shift-Dir - straight line, f/p - worm
Aim: a worm (severely wounded, 100% to hit)
The magic dart hits the worm.
The worm is almost dead.
Unknown command.
Casting: Magic Dart (safe; 1% risk of failure)
Confirm with . or Enter, or press ? or * to list all spells.
Aiming: Magic Dart (safe; 1% risk of failure)
Press: ? - help, Shift-Dir - straight line, f/p - worm
Aim: a worm (almost dead, 100% to hit)
The magic dart hits the worm!
You kill the worm!
Vehumet accepts your kill.
You have reached level 7!
Your scales start taking on a rich purple colour.
You learn Spellcasting much quicker.
Your Spellcasting skill increases to level 5!
You learn Hexes much quicker.
You learn Evocations quicker.
You can breathe bolts of dispelling energy.
Unknown command.
Are you sure you want to abandon this character and quit the game? (Confirm with "yes".)

.........w...#
.............#
.............#
......†......#
.....††......#
#.# #.# ###...
#.# ...>.. #@#
###.## #.#
###.### #.#
#.# ....†. #.#
#.# ###.#####.
#.# #.#
.......... #.#
#.# ........#
#.# #.#
###.#...# #.#
#.# ###.....#
#.# #.#


There were no monsters in sight!

Vanquished Creatures
  An ogre (D:4)
  A necrophage (D:3)
  A phantom (D:4)
  An orc priest (D:3)
  A howler monkey skeleton (D:4)
  6 adders
  7 gnolls
  An adder skeleton (D:4)
  2 worms (D:4)
  A dart slug (D:1)
  9 orcs (D:3)
  5 endoplasms
  7 giant cockroaches
  6 hobgoblins
  12 jackals
  A quokka (D:3)
  5 ball pythons
  7 bats
  6 frilled lizards
  6 goblins
  5 kobolds
  2 rats (D:1)
93 creatures vanquished.

Notes
Turn   | Place    | Note
-------+----------+-------------------------------------------
     0 | D:1      | Morbidden the Draconian Conjurer began the quest for the
                  | Orb.
     0 | D:1      | Reached XP level 1. HP: 14/14 MP: 3/3
   570 | D:1      | Reached XP level 2. HP: 2/20 MP: 0/5
  1122 | D:1      | Learned a level 2 spell: Searing Ray
  1456 | D:1      | Reached XP level 3. HP: 27/27 MP: 3/6
  2171 | D:2      | Reached XP level 4. HP: 34/34 MP: 2/8
  2987 | D:2      | Learned a level 4 spell: Iskenderun's Mystic Blast
  3041 | D:3      | Reached skill level 1 in Fighting
  3312 | D:3      | Reached skill level 5 in Conjurations
  3312 | D:3      | Reached XP level 5. HP: 24/40 MP: 0/9
  3982 | D:3      | Noticed a necrophage
  3987 | D:3      | Killed a necrophage
  3988 | D:3      | Reached skill level 1 in Translocations
  4005 | D:3      | Reached XP level 6. HP: 40/47 MP: 0/11
  4109 | D:3      | Found a blossoming altar of Fedhas.
  4590 | D:4      | Identified the +1 robe "Toshim" {Rampage Slay+2 SInv}
  4627 | D:4      | Found a staircase to the Ecumenical Temple.
  4641 | Temple   | Entered the Ecumenical Temple
  4706 | Temple   | Became a worshipper of Vehumet
  4870 | D:4      | Reached skill level 1 in Unarmed Combat
  5222 | D:3      | Found an opulent altar of Gozag.
  5222 | D:3      | Found a burning altar of Makhleb.
  5569 | D:4      | Your scales start taking on a rich purple colour.
  5569 | D:4      | Reached skill level 5 in Spellcasting
  5569 | D:4      | Reached XP level 7. HP: 56/56 MP: 4/14
  5569 | D:4      | Quit the game

Illustrated notes

Levels and vault maps discovered:
D:1:      matt_arrival_refuge, layout_rooms
D:2:      layout_loops_corners
D:3:      layout_basic, nicolae_overflow_hidden_temple, kennysheep_cross_room
D:4:      layout_basic, lemuel_crystal_altar, minmay_temple_entry_nine_rooms
Temple:   dshaligram_water_room_temple

Skill      XL: |  1  2  3  4  5  6 |
---------------+-------------------+-----
Dodging        | 2 |  2.6
Fighting       | 1 2 |  2.3
Stealth        | 2 |  2.2
Spellcasting   | 3 5 |  5.1
Conjurations   | 5 |  5.8
Translocations | 1 |  1.4
Unarmed Combat | 1 |  1.0

Action                   |  1- 3 |  4- 6 |  7- 9 || total
-------------------------+-------+-------+-------++-------
Melee: Unarmed           |    52 |    36 |       ||    88
       Tailslap          |     4 |     2 |       ||     6
 Cast: Magic Dart        |    52 |   113 |       ||   165
       Searing Ray       |     6 |    15 |       ||    21
  Use: Potion            |       |     1 |       ||     1
       Scroll            |       |     1 |       ||     1
Armor: Skin              |    18 |    28 |       ||    46
Dodge: Dodged            |    42 |    38 |       ||    80

Table legend: (Time is in decaauts)
 A = Elapsed time spent in this place.
 B = Non-inter-level travel time spent in this place.
 C = Inter-level travel time spent in this place.
 D = Time resting spent in this place.
 E = Time spent auto-exploring this place.
 F = Levels seen in this place.
 G = Mean time per level.
                   A        B        C        D        E       F      G
               +--------+--------+--------+--------+--------+-----+--------+
         Total |   5575 |   5446 |    129 |    826 |   3987 |   5 | 1115.0 |
       Dungeon |   5493 |   5379 |    114 |    826 |   3941 |   4 | 1373.2 |
        Temple |     81 |     66 |     15 |      0 |     46 |   1 |   81.0 |
               +--------+--------+--------+--------+--------+-----+--------+

Top non-repeatable levels by time:
     D:1: 1716 daAuts
     D:3: 1479 daAuts
     D:2: 1280 daAuts
     D:4: 1017 daAuts
  Temple: 81 daAuts
